 Dungeon Crawl Stone Soup version 0.31.0-12-g77e489cdc1 (webtiles) character file.

Game seed: 1916939966839659137

205 ChadusMaximus the Caller (level 5, -6/35 HPs)
             Began as a Barachi Summoner on Mar 3, 2024.
             Killed by divine providence
             ... invoked by an orc priest
              (14 damage)
             ... on level 4 of the Dungeon.
             The game lasted 00:04:05 (2367 turns).

ChadusMaximus the Caller (Barachi Summoner)         Turns: 2367, Time: 00:04:06

Health: -6/35      AC:  2    Str:  9    XL:     5   Next: 83%
Magic:  5/10       EV: 17    Int: 17    God:
Gold:   71         SH:  0    Dex: 13    Spells: 5/11 levels left

rFire   . . .        n - +0 sling
rCold   . . .        (no shield)
rNeg    . . .        a - +0 robe
rPois   .            (no helmet)
rElec   .            (no cloak)
rCorr   .            (no gloves)
SInv    .            (no boots)
Will    .....        (no amulet)
Stlth   +            h - +5 ring of evasion
HPRegen 0.25/turn    j - ring of wizardry
MPRegen 0.12/turn

%: wizardry (x1)
@: confused, inugami summoned, slow
A: amphibious, slowness 1, strong legs 1, +LOS
a: Hop


You were on level 4 of the Dungeon.
You visited 1 branch of the dungeon, and saw 4 of its levels.

You collected 71 gold pieces.

Inventory:

Hand Weapons
 f - a +0 dagger
 n - a +0 sling (weapon)
Armour
 a - a +0 robe (worn)
Jewellery
 h - a +5 ring of evasion (left hand)
 j - a ring of wizardry (right hand)
 s - a ring of protection from cold
Scrolls
 d - 2 scrolls of blinking {unknown}
 e - 4 scrolls of teleportation {unknown}
 k - a scroll of fog {unknown}
 m - 3 scrolls of identify {unknown}
 p - a scroll of fear {unknown}
 q - a scroll of vulnerability {unknown}
 r - a scroll of summoning {unknown}
Potions
 b - a potion of magic
 c - 2 potions of might {unknown}
 g - a potion of lignification {unknown}
 i - 2 potions of heal wounds {unknown}
 l - a potion of mutation {unknown}
 o - a potion of curing {unknown}


   Skills:
 - Level 2.1 Dodging
 - Level 1.7 Stealth
 + Level 3.8 Spellcasting
 * Level 7.3 Summonings


You had 5 spell levels left.
You knew the following spells:

 Your Spells              Type           Power      Damage    Failure   Level
a - Summon Small Mammal   Summ           100%       N/A       1%          1
b - Call Canine Familiar  Summ           28%        N/A       1%          3
c - Call Imp              Summ           56%        N/A       1%          2

Your spell library contained the following spells:

 Spells                   Type           Power      Damage    Failure   Level
 Necrotise                Necr           12%        1d4       6%          1
 Summon Blazeheart Golem  Fire/Summ      15%        N/A       14%         4
 Summon Lightning Spire   Summ/Air       15%        N/A       14%         4
 Ozocubu's Armour         Ice            3%         N/A       19%         3
 Metabolic Englaciation   Hex/Ice        1%         N/A       85%         5
 Sculpt Simulacrum        Ice/Alch       1%         N/A       100%        6


Dungeon Overview and Level Annotations

Branches:
Dungeon (4/15)
 Temple: D:4-7

Altars:

Shops:
D:2 [   D:3 [


Innate Abilities, Weirdness & Mutations

You are amphibious.
You cover ground slowly.
You can hop short distances.
You have an extended range of vision and can be seen from far away.


Message History

The orc priest looks encouraged for a moment.
The orc wizard hits you with a +0 dagger.
Your inugami closely misses the orc wizard.
You are too injured to fight recklessly!
Casting: Call Canine Familiar (safe; 1% risk of failure)
Confirm with . or Enter, or press ? or * to list all spells.
Your cerulean imp closely misses the orc wizard.
The orc priest closely misses your cerulean imp.
The orc wizard hits you but does no damage.
Your inugami hits the orc wizard.
Casting: Summon Small Mammal (safe; 1% risk of failure)
Confirm with . or Enter, or press ? or * to list all spells.
Your cerulean imp barely misses the orc wizard.
The orc priest calls down the wrath of Beogh upon you.
Beogh smites you!
* * * LOW HITPOINT WARNING * * *
The orc wizard casts a spell at you.
You are confused.
Your quokka bites the orc wizard.
Your inugami hits the orc wizard!
You are too injured to fight recklessly!
Unknown command.
Okay, then.
Your cerulean imp closely misses the orc wizard.
The orc priest hits your cerulean imp with a +0 mace.
The orc wizard casts a spell.
The orc wizard flickers and vanishes!
Deactivating autopickup; reactivate with Ctrl-A.
Your quokka bites something but does no damage.
Your inugami closely misses something.
Your quokka bites something.
Reactivating autopickup.
You feel a bit more experienced.
Your cerulean imp hits the orc priest with a -2 spear.
The orc priest hits your cerulean imp with a +0 mace!
Your cerulean imp dies!
Your cerulean imp disappears in a puff of smoke!
The orc priest barely misses your quokka.
The orc priest mumbles some strange prayers to Beogh against you.
Beogh smites you!
You die...

######.#####.).......
#.# #.######### #.#
#.......... #.#
########### #.# #..
#.# #.##### #.#
##.....# #.#
##..)##r#.# .#####.#
#..@.h)r).# .......#
#....##o#......
#####..# #....# .#
.... #..#######....#
.# .. #........#<####
o# #.###......# ..
#.# #......# .o #.#
#......# o. #.#
#......# ...


You could see an orc priest (ally target), 2 friendly quokkas and a friendly
inugami (summoned).

Vanquished Creatures
  An orc priest (D:4)
  A dart slug (D:2)
  A ribbon worm (D:2)
  5 endoplasms
  2 goblins
  3 hobgoblins
  3 jackals (D:1)
  3 quokkas
  5 ball pythons
  3 bats (D:1)
  5 frilled lizards
  3 kobolds
  8 rats
43 creatures vanquished.

Vanquished Creatures (collateral kills)
  An orc priest (D:4)
  Terence (D:2)
  An orc wizard (D:4)
  2 adders (D:3)
  2 ribbon worms
  3 orcs
  A ball python (D:3)
  2 endoplasms (D:2)
  2 hobgoblins
  4 jackals
  2 bats (D:2)
  A goblin (D:1)
  3 kobolds
  A rat (D:2)
26 creatures vanquished.

Grand Total: 69 creatures vanquished

Notes
Turn   | Place    | Note
-------+----------+-------------------------------------------
     0 | D:1      | ChadusMaximus the Barachi Summoner began the quest for the
                  | Orb.
     0 | D:1      | Reached XP level 1. HP: 13/13 MP: 3/3
    32 | D:1      | Found a faded altar of an unknown god.
    38 | D:1      | Got Plato's Cyclopedia of Sciomancy
    95 | D:2      | Reached skill level 5 in Summonings
   203 | D:2      | Reached XP level 2. HP: 6/19 MP: 3/5
   331 | D:2      | Noticed Terence
   352 | D:3      | Found Volyupp's Antique Armour Boutique.
   472 | D:2      | Reached XP level 3. HP: 24/24 MP: 7/7
   476 | D:2      | Learned a level 3 spell: Call Canine Familiar
   479 | D:2      | Learned a level 2 spell: Call Imp
   611 | D:2      | Killed Terence
   612 | D:2      | Reached skill level 6 in Summonings
   612 | D:2      | Reached XP level 4. HP: 30/30 MP: 0/8
   757 | D:2      | Found Plog's Antique Armour Shop.
  2056 | D:4      | Reached XP level 5. HP: 9/35 MP: 4/10
  2358 | D:4      | Reached skill level 7 in Summonings
  2367 | D:4      | Killed from afar by an orc priest

Illustrated notes

Levels and vault maps discovered:
D:1:      lemuel_arrival_cross, layout_basic,
          shapermc_ecumenical_altar_rom_forum, nicolae_wormholes
D:2:      layout_basic, serial_shops, nicolae_square_shop, minivault_26,
          uniq_terence
D:3:      layout_basic, nicolae_yredelemnul_corpse_copse, serial_shops, shop
D:4:      layout_basic, serial_shops, shop

Skill      XL: |  1  2  3  4  5 |
---------------+----------------+-----
Summonings     | 5 6 7 |  7.3
Spellcasting   | 3 |  3.8
Dodging        | |  2.1
Stealth        | |  1.7

Action                     |  1- 3 |  4- 6 || total
---------------------------+-------+-------++-------
  Melee: Unarmed           |    10 |       ||    10
         Dagger            |    57 |       ||    57
   Fire: Sling             |       |   130 ||   130
   Cast: Summon Small Mamm |    20 |     2 ||    22
         Call Imp          |     3 |     5 ||     8
         Call Canine Famil |     1 |     6 ||     7
Ability: Hop               |     1 |       ||     1
 Armour: Robe              |    40 |    36 ||    76
  Dodge: Dodged            |   101 |    75 ||   176
